 Dungeon Crawl Stone Soup version bcrawl-1.28.1b (webtiles) character file.

Game seed: 447452448451770085

362858 Adamkad1 the Transmogrifier (level 11, -3/100 HPs)
             Began as a Black Draconian Transmuter on Dec 12, 2020.
             Was a Believer of Sif Muna.
             Slain by a shadow wraith (15 damage)
             ... on level 11 of the Dungeon.
             The game lasted 00:20:37 (12389 turns).

Adamkad1 the Transmogrifier (DrTm)                 Turns: 12389, Time: 00:20:38

Health: -3/100     AC:  9    Str: 16    XL:     11   Next: 91%
Magic:  0/22       EV: 15    Int: 24    God:    Sif Muna [**....]
Gold:   454        SH:  0    Dex:  8    Spells: 9/25 levels left

rFire    + . .     SeeInvis .     - Blade hands (31.1)
rCold    x . .     Gourm    .   (shield currently unavailable)
rNeg     + . .     Faith    .   (armour unavailable)
rPois    .         Spirit   +   (helmet restricted)
rElec    +         Reflect  .   A - +1 cloak
rCorr    .         Harm     .   (gloves currently unavailable)
MR       .....                  (no boots)
Stlth    +.........             x - amulet of guardian spirit
HPRegen  0.26/turn              C - ring "Mupev" {Fire rN+ Int+3 Dex-3}
MPRegen  0.18/turn              w - +7 ring of intelligence

@: blade hands, slowed, very slow
A: breathe lightning, unfitting armour, electricity resistance, cold-blooded, AC
+7
a: Breathe Lightning, End Transformation, Divine Energy, Renounce Religion


You were on level 11 of the Dungeon.
You worshipped Sif Muna.
Sif Muna was pleased with you.
You were hungry.
You had blades for hands.
You visited 2 branches of the dungeon, and saw 12 of its levels.

You collected 919 gold pieces.
You spent 465 gold pieces at shops.

Inventory:

Missiles
 a - 1434 arrows
Armour
 p - a +0 pair of gloves (melded)
 A - a +1 cloak (worn)
 D - a +0 cloak
Jewellery
 h - an uncursed ring of wizardry {unknown}
 o - an uncursed ring of stealth
 w - a +7 ring of intelligence (right scythe-like blade)
 x - an amulet of guardian spirit (around neck)
 C - the ring "Mupev" (left scythe-like blade) {Fire rN+ Int+3 Dex-3}
   (You found it on level 10 of the Dungeon)

   [ring of fire]

   It enhances your fire magic.
   It affects your intelligence (+3).
   It affects your dexterity (-3).
   It protects you from fire.
   It makes you vulnerable to cold.
   It protects you from negative energy.
Wands
 f - a wand of disintegration (16)
 g - a wand of flame (15)
 j - a wand of paralysis (9)
 y - a wand of digging (4)
 B - a wand of clouds (5)
 G - a wand of random effects (12)
Scrolls
 c - 3 scrolls of enchant weapon
 d - a scroll of enchant armour
 i - 8 scrolls of teleportation
 k - 5 scrolls of remove curse
 l - 4 scrolls of identify
 q - a scroll of amnesia
 s - a scroll of fog
 t - 3 scrolls of magic mapping
 v - a scroll of silence
Potions
 b - 4 potions of curing
 m - a potion of lignification
 n - 2 potions of mutation
 r - 5 potions of flight
 u - 2 potions of brilliance
 E - a potion of heal wounds
 F - a potion of ambrosia {unknown}
Comestibles
 e - 15 rations {!d}
 z - 4 chunks of flesh


   Skills:
 + Level 10.2 Fighting
 + Level 7.5 Dodging
 + Level 8.6 Unarmed Combat
 + Level 7.5 Spellcasting
 + Level 1.9 Summonings
 * Level 11.3 Transmutations


You had 9 spell levels left.
You knew the following spells:

 Your Spells              Type           Power        Failure   Level  Hunger
a - Beastly Appendage     Tmut           ######       6%          1    None
b - Spider Form           Tmut/Pois      ###          21%         3    None
c - Blade Hands           Tmut           ######....   21%         5    #####..
d - Passwall              Tmut/Erth      #####...     16%         2    None
e - Aura of Abjuration    Summ           ###.......   93%         5    #####..

Your spell library contained the following spells:

 Spells                   Type           Power        Failure   Level  Hunger
 Sticks to Snakes         Tmut           ######..     7%          2    None
 Ice Form                 Ice/Tmut       #####...     38%         4    ###....
 Petrify                  Tmut/Erth      #####.....   38%         4    ###....
 Yara's Violent Unravell  Hex/Tmut       #####.....   38%         4    ###....
 Recall                   Summ/Tloc      N/A          54%         3    None
 Confuse                  Hex            #.......     63%         3    None
 Dazzling Orbs            Conj/Hex       #......      63%         3    None
 Summon Demon             Summ           ###.......   93%         5    #####..
 Summon Forest            Summ/Tloc      ##........   97%         5    #####..
 Summon Mana Viper        Hex/Summ       ##......     97%         5    #####..
 Metabolic Englaciation   Hex/Ice        #.........   99%         5    #####..
 Shadow Creatures         Summ           N/A          100%        6    ######.
 Mana Rupture             Conj/Hex       #.........   100%        7    #######


Dungeon Overview and Level Annotations

Branches:
Dungeon (11/12)            Temple (1/1) D:7            Lair (0/6) D:9
    Orc (0/1) D:9
 Vaults: D:11-12

Altars:
Ashenzari
Cheibriados
Dithmenos
Elyvilon
Fedhas
Gozag
Hepliaklqana
Kikubaaqudgha
Lugonu
Makhleb
Nemelex Xobeh
Okawaru
Qazlal
Ru
Sif Muna
Trog
Uskayaw
Vehumet
Wu Jian
Xom
Yredelemnul
Zin
The Shining One

Shops:
D:6 }   D:9 !   D:11 *([

Annotations:
D:3 3 runed translucent doors, yrara's ghost, amateur DsFi
D:6 1 runed door
D:9 exclusion: door


Innate Abilities, Weirdness & Mutations

You can breathe wild blasts of lightning.
Your glossy black scales are hard. (AC +7)
You cannot fit into any form of body armour.
You are resistant to electric shocks. (rElec)
You are cold-blooded and may be slowed by cold attacks.


Message History

Something hits you!! The troll bites you. The troll closely misses you. x2
You slice the troll!!
You kill the troll!
Sif Muna accepts your kill. Something hits you! Something drains your vigour!
You feel as though you will be slow longer.
Something hits you. Something drains your vigour!
You feel as though you will be slow longer.
Something hits you!!
* * * LOW HITPOINT WARNING * * *
Something drains your vigour!
You feel as though you will be slow longer.
Items here: ) [[ † a +0 war axe; a +0 plate armour; a +0 medium shield; a human corpse You butcher the human corpse.
Something hits you!
* * * LOW HITPOINT WARNING * * *
Something drains your vigour!
You feel as though you will be slow longer.
Something hits you!
You die...

#...........##......#
#.######.#..##.#.#.##
#.# #.#.###.#....# #.#
#...# #.##...# #.#
#...# #.##...# #.#
#...###)##..#### #.#
#.#..†.).......#
#.#.####.#......#......
#.#...@..#......#.#....
#.#.[.{..#........#.#..
#.########......###.##.
#...............# #.#..
#..######.......# #.#.#
####.#### #########
#..÷. #.......# ###÷#
#.##.##.# #.#
#.##.##.##### #######.#


There were no monsters in sight!

Vanquished Creatures
  A vault guard (D:11)
  A death knight (D:10)
  2 two-headed ogres
  A cyclops (D:10)
  An ugly thing (D:11)
  A centaur zombie (D:10)
  A yaktaur (shapeshifter) (D:11)
  3 trolls
  A tengu conjurer (D:9)
  5 hippogriffs
  Grinder (D:6)
  A wyvern (D:10)
  A wraith (D:11)
  6 yaks (D:11)
  2 hungry ghosts
  A vampire mosquito (D:9)
  2 crocodiles
  4 porcupines (D:9)
  A water moccasin (shapeshifter) (D:9)
  3 sky beasts
  2 orc warriors (D:9)
  7 ice beasts
  4 black bears (D:9)
  An eye of draining (D:10)
  2 phantoms
  A sky beast (shapeshifter) (D:11)
  4 ogres
  A necrophage (D:4)
  5 centaurs
  2 big kobolds (D:9)
  2 bullfrogs (D:9)
  A gnoll sergeant (D:10)
  2 scorpions
  2 water moccasin skeletons
  6 killer bees (D:8)
  8 wights
  2 electric eels (D:7)
  2 vampire bats (D:8)
  5 howler monkeys
  2 bullfrog zombies (D:5)
  7 crimson imps
  5 centaur skeletons
  8 hounds
  7 orc priests
  A jelly (D:3)
  9 orc wizards
  Terence (D:2)
  6 iguanas
  9 worker ants
  A hound skeleton (D:5)
  6 gnolls
  2 howler monkey skeletons (D:4)
  5 adders
  A shadow imp (D:8)
  8 oozes
  3 adder skeletons
  3 worms
  4 dart slugs
  3 leopard geckos
  51 orcs
  3 bat skeletons (D:8)
  4 bat zombies (D:8)
  3 giant cockroaches
  4 hobgoblins
  6 jackals
  A quokka (D:4)
  6 bats
  A frilled lizard (D:3)
  10 goblins
  25 kobolds
  5 rats
308 creatures vanquished.

Vanquished Creatures (others)
  An orc wizard (D:8)
  18 fungi (D:9)
  11 plants
  7 toadstools (D:3)
37 creatures vanquished.

Grand Total: 345 creatures vanquished

Notes
Turn   | Place    | Note
-------+----------+-------------------------------------------
     0 | D:1      | Adamkad1 the Draconian Transmuter began the quest for the
                  | Orb.
     0 | D:1      | Reached XP level 1. HP: 16/16 MP: 3/3
   178 | D:1      | Reached XP level 2. HP: 16/23 MP: 3/5
   993 | D:2      | Reached XP level 3. HP: 12/29 MP: 6/6
  1092 | D:2      | Learned a level 3 spell: Spider Form
  1189 | D:2      | Found an iron altar of Okawaru.
  1324 | D:3      | Found a runed translucent gate.
  1324 | D:3      | Found a runed translucent gate.
  1324 | D:3      | Found a runed translucent gate.
  1327 | D:3      | Noticed yrara's ghost (amateur DsFi)
  1455 | D:3      | Reached XP level 4. HP: 35/36 MP: 5/7
  1501 | D:3      | Reached skill level 3 in Transmutations
  1655 | D:3      | Reached XP level 5. HP: 5/41 MP: 8/8
  2110 | D:3      | Noticed an ogre
  2120 | D:3      | Learned a level 5 spell: Blade Hands
  2156 | D:3      | Killed an ogre
  2157 | D:3      | Reached skill level 4 in Transmutations
  2157 | D:3      | Reached XP level 6. HP: 20/50 MP: 3/10
  2939 | D:4      | Found an ornate altar of the Wu Jian Council.
  3654 | D:4      | Found an opulent altar of Gozag.
  3803 | D:4      | Your scales start taking on a glossy black colour.
  3803 | D:4      | Reached XP level 7. HP: 59/59 MP: 8/12
  3803 | D:4      | Gained mutation: You are resistant to electric shocks.
                  | (rElec) [Black Draconian growth]
  4096 | D:5      | Entered Level 5 of the Dungeon
  4116 | D:5      | Reached skill level 5 in Transmutations
  4308 | D:5      | Found a hide-covered altar of Uskayaw.
  4655 | D:5      | Reached XP level 8. HP: 61/67 MP: 10/13
  4797 | D:5      | Reached skill level 5 in Fighting
  5114 | D:6      | Reached skill level 5 in Unarmed Combat
  5114 | D:6      | Reached skill level 6 in Transmutations
  5178 | D:6      | Found Yntoh Yfo's Gadget Shoppe.
  5186 | D:6      | Noticed Grinder
  5196 | D:6      | Killed Grinder
  5570 | D:6      | Found a stormy altar of Qazlal.
  5621 | D:6      | Reached skill level 7 in Transmutations
  5766 | D:6      | Found a runed door.
  5823 | D:6      | Found a blossoming altar of Fedhas.
  5900 | D:7      | Reached XP level 9. HP: 68/75 MP: 13/16
  5936 | D:7      | Learned a level 2 spell: Passwall
  5944 | D:7      | Found a snail-covered altar of Cheibriados.
  6022 | D:7      | Found a staircase to the Ecumenical Temple.
  6031 | Temple   | Entered the Ecumenical Temple
  6587 | D:2      | Noticed Terence
  6593 | D:2      | Killed Terence
  6629 | D:2      | Found a shadowy altar of Dithmenos.
  7078 | D:2      | Found a sacrificial altar of Ru.
  7183 | D:2      | Found a faded altar of an unknown god.
  7799 | D:7      | Reached skill level 5 in Spellcasting
  8033 | D:8      | Reached skill level 5 in Dodging
  8046 | D:8      | Found an iron altar of Okawaru.
  8203 | D:8      | Found an ancient bone altar of Kikubaaqudgha.
  8219 | D:8      | Reached skill level 8 in Transmutations
  8400 | D:8      | Noticed a troll
  8416 | D:8      | Killed a troll
  8457 | D:8      | Reached XP level 10. HP: 48/86 MP: 15/18
  8997 | D:8      | Found a burning altar of Makhleb.
  8998 | D:8      | Found a shimmering altar of Xom.
  9152 | D:8      | Reached skill level 9 in Transmutations
  9189 | D:9      | Found Ynaid's Distillery.
  9908 | D:9      | Noticed a two-headed ogre
  9924 | D:9      | Killed a two-headed ogre
  9939 | D:9      | Reached skill level 10 in Transmutations
 10125 | D:9      | Found a staircase to the Lair.
 10172 | D:9      | Reached XP level 11. HP: 77/97 MP: 14/21
 10436 | D:9      | Found a white marble altar of Elyvilon.
 10481 | D:9      | Found a staircase to the Orcish Mines.
 10560 | D:9      | Found a shimmering blue altar of Sif Muna.
 10567 | D:9      | Became a worshipper of Sif Muna the Loreminder
 10845 | D:10     | Entered Level 10 of the Dungeon
 10854 | D:10     | Got a translucent glass ring
 10933 | D:10     | Noticed a death knight
 11264 | D:10     | Noticed a two-headed ogre
 11279 | D:10     | Killed a two-headed ogre
 11280 | D:10     | Reached * piety under Sif Muna
 11617 | D:10     | Killed a death knight
 11816 | D:10     | Noticed a cyclops
 11825 | D:10     | Killed a cyclops
 11924 | D:11     | Found Yjutey's Armour Shop.
 11943 | D:11     | Identified the ring "Mupev" {Fire rN+ Int+3 Dex-3} (You
                  | found it on level 10 of the Dungeon)
 11950 | D:11     | Found Ilikk's Weapon Shop.
 12048 | D:11     | Found Pudiost's Assorted Antiques.
 12057 | D:11     | Bought a papyrus book for 465 gold pieces
 12063 | D:11     | Learned a level 5 spell: Aura of Abjuration
 12081 | D:11     | Reached skill level 11 in Transmutations
 12096 | D:11     | Noticed a red ugly thing
 12100 | D:11     | Reached skill level 10 in Fighting
 12109 | D:11     | Killed a red ugly thing
 12110 | D:11     | Reached skill level 1 in Summonings
 12249 | D:11     | Reached ** piety under Sif Muna
 12374 | D:11     | Noticed a vault guard
 12384 | D:11     | Killed a vault guard
 12389 | D:11     | Slain by a shadow wraith

Skill      XL: |  1  2  3  4  5  6  7  8  9 10 11 |
---------------+----------------------------------+-----
Dodging        | 2 3 4 5 6 7 |  7.5
Fighting       | 2 4 6 7 9 10 | 10.2
Transmutations | 3 4 5 7 8 10 11 | 11.3
Spellcasting   | 3 4 5 6 7 |  7.5
Unarmed Combat | 4 5 6 7 8 |  8.6
Summonings     | 1 |  1.9

Action                   |  1- 3 |  4- 6 |  7- 9 | 10-12 || total
-------------------------+-------+-------+-------+-------++-------
Melee: Unarmed           |   115 |   174 |   374 |   479 ||  1142
       Tailslap          |    11 |     9 |     7 |    18 ||    45
       Kick              |     8 |    14 |       |       ||    22
       Headbutt          |     3 |     2 |       |       ||     5
       Punch             |       |     1 |     1 |     5 ||     7
 Cast: Beastly Appendage |    19 |     9 |       |     2 ||    30
       Spider Form       |       |    17 |    40 |     1 ||    58
       Blade Hands       |       |       |       |    19 ||    19
 Abil: Breathe Lightning |       |       |     1 |       ||     1
       End Transformatio |       |       |       |     1 ||     1
  Use: Potion            |       |     1 |     8 |       ||     9
       Scroll            |       |       |     8 |     9 ||    17
 Stab: Distracted        |       |     1 |       |     1 ||     2
       Sleeping          |       |       |     3 |     5 ||     8
  Eat: Chunk             |     5 |    15 |    32 |    28 ||    80
Armor: Skin              |    15 |    22 |    31 |    33 ||   101
Dodge: Dodged            |    73 |    85 |   352 |   405 ||   915
